 Dungeon Sprint DCSS version 0.29.1-2-gbd0b4ee654 (webtiles) character file.

Game seed: 14697605927112996057

20625 Zeld the Executioner (level 12, -2/127 HPs)
             Began as a Minotaur Berserker on Nov 1, 2022.
             Was the Champion of Trog.
             Hit by a large rock thrown by a stone giant (26 damage)
             ... in the Dungeon (Sprint IX: "|||||||||||||||||||||||||||||").
             The game lasted 00:03:34 (3054 turns).

Zeld the Executioner (Minotaur Berserker)           Turns: 3054, Time: 00:03:35

Health: -2/127     AC: 31    Str: 26    XL:     12   Next: 47%
Magic:  11/11      EV: 13    Int:  4    God:    Trog [******]
Gold:   377        SH:  0    Dex: 11    Spells: 11/11 levels left

rFire   . . .      SeeInvis .   a - +0 executioner's axe (vorpal)
rCold   . . .      Faith    .   (shield currently unavailable)
rNeg    . . .      Spirit   .   b - +2 plate armour {Will+}
rPois   +          Reflect  .   (helmet restricted)
rElec   +          Harm     .   v - +1 cloak
rCorr   +          Rampage  .   t - +0 pair of gloves
Will    +....      NoTele   +   s - +1 pair of boots
Stlth   ..........              (no amulet)
HPRegen 0.31/turn               u - ring of Uxtem {rElec rCorr AC+4 Stlth+}
MPRegen 0.12/turn               l - ring of poison resistance

@: on berserk cooldown, slowed, very slow
A: horns 2, retaliatory headbutt
a: Renounce Religion, Berserk, Trog's Hand, Brothers in Arms


You were in the Dungeon.
You worshipped Trog.
Trog was exalted by your worship.
You visited 1 branch You collected 1956 gold pieces.
You spent 1579 gold pieces at shops.

Inventory:

Hand Weapons
 a - a +0 vorpal executioner's axe (weapon)
Armour
 b - a +2 plate armour of willpower (worn)
 s - a +1 pair of boots (worn)
 t - a +0 pair of gloves (worn)
 v - a +1 cloak (worn)
Jewellery
 l - a ring of poison resistance (right hand)
 u - the ring of Uxtem (left hand) {rElec rCorr AC+4 Stlth+}
   (You bought it in a shop in the Dungeon)

   [ring of protection]

   AC:        It affects your AC (+4).
   rElec:     It insulates you from electricity.
   rCorr:     It protects you from acid and corrosion.
   Stlth:     It makes you more stealthy.
 x - a ring of see invisible
Wands
 j - a wand of roots (10)
 m - a wand of charming (9)
Scrolls
 h - 4 scrolls of blinking
 k - 2 scrolls of enchant armour
 n - 3 scrolls of identify
 o - a scroll of fear
 p - 4 scrolls of enchant weapon
 q - a scroll of magic mapping
 r - 2 scrolls of fog
Potions
 c - 8 potions of curing
 d - 7 potions of heal wounds
 e - 2 potions of haste
 f - 4 potions of magic
 g - a potion of berserk rage
 i - a potion of invisibility


   Skills:
 + Level 17.9 Fighting
 - Level 24.0 Axes
 + Level 17.7 Armour
 + Level 16.3 Dodging


You had 11 spell levels left.
You didn't know any spells.
Your spell library was empty.

Dungeon Overview and Level Annotations

Branches:
Dungeon (1/1)

Altars:
Cheibriados
Dithmenos
Elyvilon
Fedhas
Gozag
Hepliaklqana
Kikubaaqudgha
Makhleb
Nemelex Xobeh
Okawaru
Qazlal
Ru
Sif Muna
Trog
Uskayaw
Vehumet
Wu Jian
Xom
Yredelemnul
Zin
The Shining One
Jiyva
Lugonu

Shops:
D [[:=


Innate Abilities, Weirdness & Mutations

You have a pair of horns on your head.
You reflexively headbutt those who attack you in melee.


Message History

The stone giant hits you!
Unknown command.
You hit the stone giant.
The stone giant is lightly wounded.
The stone giant hits you but does no damage.
You hit the stone giant but do no damage.
The stone giant is lightly wounded.
The stone giant hits you!
You barely miss the stone giant.
The stone giant is lightly wounded.
The stone giant completely misses you. You furiously retaliate!
You headbutt the stone giant!
Unknown command.
You slash the stone giant!
The stone giant is moderately wounded.
The stone giant hits you.
The boulder beetle curls into a ball and begins rolling!
You slice the stone giant!!
The stone giant is severely wounded.
The stone giant hits you!
Unknown command.
You slash the stone giant!
You headbutt the stone giant, but do no damage.
The stone giant is almost dead.
The stone giant closely misses you. You furiously retaliate!
You headbutt the stone giant.
Your stone giant goes berserk!
The stone giant hits you!!
The boulder beetle hits your stone giant!!
The boulder beetle stops rolling and uncurls.
The boulder beetle leaps!
The stone giant hits you!!
* * * LOW HITPOINT WARNING * * *
Unknown command.
Unknown command.
The stone giant attacks as you move away!
The stone giant hits you.
* * * LOW HITPOINT WARNING * * *
The boulder beetle curls into a ball and begins rolling!
The stone giant throws a large rock.
The large rock hits you!!
You die...

▓_▓.▓.▓.▓.▓.▓.▓
▓_▓.▓.▓.▓)▓.▓.▓
▓'▓.▓'▓.▓)▓.▓.▓
▓.▓.▓)▓.▓)▓.▓B▓
▓?▓.▓.▓.▓)▓.▓)▓
▓)▓.▓.▓.▓)▓.▓.▓
▓.▓.▓.▓.▓.▓.▓C▓
▓.▓.▓.▓.▓∩▓.▓)▓
▓[▓.▓.▓.▓.▓.▓@▓
▓[▓.▓.▓.▓∩▓.▓)▓
▓.▓.▓.▓.▓[▓.▓C▓
▓.▓.▓.▓.▓∩▓.▓Q▓
▓)▓.▓.▓.▓.▓.▓y▓
▓.▓.▓.▓.▓∩▓)▓C▓
▓)▓.▓.▓.▓)▓.▓T▓
▓)▓.▓'▓.▓.▓.▓.▓
▓†▓.▓.▓.▓.▓.▓.▓


You could see a stone giant, a boulder beetle (rolling, ally target), an ettin,
a spark wasp, a tengu warrior, a deep troll shaman and a friendly stone giant
(summoned, berserk).

Vanquished Creatures
  Josephine (D)
  A rakshasa (D)
  2 centaur warriors (D)
  A hydra (D)
  2 catoblepae (D)
  A two-headed ogre (D)
  2 death yaks (D)
  A wizard (D)
  7 orc knights (D)
  A manticore (D)
  A cyclops (D)
  4 ugly things (D)
  Joseph (D)
  2 cane toads (D)
  2 rime drakes (D)
  A tengu conjurer (D)
  A troll (D)
  A slime creature (D)
  A blink frog (D)
  A shadow (D)
  3 wraiths (D)
  A basilisk (D)
  A yak (D)
  A water moccasin (D)
  16 orc warriors (D)
  An ogre (D)
  A boggart (D)
  2 centaurs (D)
  4 bullfrogs (D)
  A necrophage (D)
  A howler monkey (D)
  5 orc priests (D)
  6 orc wizards (D)
  8 orcs (D)
  An endoplasm (D)
  A goblin (D)
  A hobgoblin (D)
  2 frilled lizards (D)
90 creatures vanquished.

Vanquished Creatures (collateral kills)
  2 hydras (D)
  A catoblepas (D)
  An elephant (D)
  A cane toad (D)
  A komodo dragon (D)
  A rime drake (D)
  3 yaks (D)
10 creatures vanquished.

Grand Total: 100 creatures vanquished

Notes
Turn   | Place    | Note
-------+----------+-------------------------------------------
     0 | D        | Zeld the Minotaur Berserker began the quest for the Orb.
     0 | D        | Reached XP level 1. HP: 19/19 MP: 0/0
     7 | D        | Reached skill level 4 in Axes
     9 | D        | Reached ** piety under Trog
   238 | D        | Noticed an ogre
   238 | D        | Noticed a necrophage
   243 | D        | Killed an ogre
   243 | D        | Reached *** piety under Trog
   244 | D        | Reached skill level 5 in Fighting
   244 | D        | Reached skill level 7 in Axes
   244 | D        | Reached skill level 5 in Armour
   244 | D        | Reached XP level 2. HP: 30/30 MP: 1/1
   244 | D        | Reached XP level 3. HP: 37/37 MP: 2/2
   244 | D        | Reached XP level 4. HP: 44/44 MP: 3/3
   247 | D        | Killed a necrophage
   248 | D        | Reached skill level 8 in Axes
   248 | D        | Reached skill level 5 in Dodging
   248 | D        | Reached XP level 5. HP: 51/51 MP: 4/4
   343 | D        | Found a snail-covered altar of Cheibriados.
   343 | D        | Found a shadowy altar of Dithmenos.
   343 | D        | Found a white marble altar of Elyvilon.
   343 | D        | Found a blossoming altar of Fedhas.
   343 | D        | Found an opulent altar of Gozag.
   344 | D        | Found a hazy altar of Hepliaklqana.
   345 | D        | Found a viscous altar of Jiyva.
   346 | D        | Found an ancient bone altar of Kikubaaqudgha.
   347 | D        | Found a corrupted altar of Lugonu.
   348 | D        | Found a burning altar of Makhleb.
   349 | D        | Found a sparkling altar of Nemelex Xobeh.
   350 | D        | Found an iron altar of Okawaru.
   351 | D        | Found a stormy altar of Qazlal.
   352 | D        | Found a sacrificial altar of Ru.
   353 | D        | Found a shimmering blue altar of Sif Muna.
   354 | D        | Found a bloodstained altar of Trog.
   355 | D        | Found a hide-covered altar of Uskayaw.
   356 | D        | Found a radiant altar of Vehumet.
   357 | D        | Found an ornate altar of the Wu Jian Council.
   358 | D        | Found a shimmering altar of Xom.
   359 | D        | Found a basalt altar of Yredelemnul.
   360 | D        | Found a glowing silver altar of Zin.
   361 | D        | Found a glowing golden altar of the Shining One.
   410 | D        | Noticed a yak
   410 | D        | Noticed a shadow
   410 | D        | Noticed a centaur
   410 | D        | Noticed a centaur
   412 | D        | Reached **** piety under Trog
   413 | D        | Reached skill level 9 in Axes
   416 | D        | Killed a yak
   417 | D        | Reached skill level 10 in Axes
   417 | D        | Reached XP level 6. HP: 61/61 MP: 5/5
   419 | D        | Killed a shadow
   420 | D        | Reached skill level 11 in Axes
   422 | D        | Reached skill level 12 in Axes
   422 | D        | Reached XP level 7. HP: 70/70 MP: 6/6
   426 | D        | Reached ***** piety under Trog
   467 | D        | Noticed a tengu conjurer
   467 | D        | Noticed a green ugly thing
   467 | D        | Noticed a cyclops
   467 | D        | Noticed a purple ugly thing
   467 | D        | Noticed a two-headed ogre
   467 | D        | Noticed a troll
   471 | D        | Killed a tengu conjurer
   472 | D        | Reached skill level 10 in Fighting
   472 | D        | Reached skill level 13 in Axes
   477 | D        | Killed a green ugly thing
   478 | D        | Reached skill level 14 in Axes
   478 | D        | Reached skill level 10 in Armour
   478 | D        | Reached XP level 8. HP: 80/80 MP: 7/7
   480 | D        | Killed a cyclops
   481 | D        | Reached skill level 15 in Axes
   484 | D        | Killed a purple ugly thing
   485 | D        | Reached skill level 10 in Dodging
   485 | D        | Reached XP level 9. HP: 89/89 MP: 8/8
   489 | D        | Killed a two-headed ogre
   490 | D        | Reached skill level 16 in Axes
   491 | D        | Killed a troll
   950 | D        | Noticed a cane toad
   950 | D        | Noticed a cane toad
   957 | D        | Killed a cane toad
   958 | D        | Reached skill level 17 in Axes
   958 | D        | Noticed a rime drake
   960 | D        | Killed a cane toad
   965 | D        | Noticed a rime drake
   967 | D        | Reached ****** piety under Trog
   978 | D        | Killed a rime drake
   979 | D        | Reached XP level 10. HP: 101/101 MP: 9/9
   990 | D        | Identified the +1 quick blade "Jifycraege" {vorpal, rN+++
                  | Int-2 Dex+7} (Trog gifted it to you in the Dungeon)
   990 | D        | Received a gift from Trog
   991 | D        | Reached skill level 18 in Axes
  1124 | D        | Noticed a six-headed hydra
  1124 | D        | Noticed a cane toad
  1126 | D        | Noticed an elephant
  1129 | D        | Killed a nine-headed hydra
  1130 | D        | Noticed a six-headed hydra
  1146 | D        | Killed a cane toad
  1148 | D        | Received a gift from Trog
  1149 | D        | Reached skill level 19 in Axes
  1153 | D        | Noticed a six-headed hydra
  1154 | D        | Killed an elephant
  1155 | D        | Killed a six-headed hydra
  1159 | D        | Killed a six-headed hydra
  1210 | D        | Noticed a catoblepas
  1210 | D        | Noticed a death yak
  1210 | D        | Noticed a death yak
  1211 | D        | Noticed a catoblepas
  1224 | D        | Noticed a catoblepas
  1226 | D        | Killed a catoblepas
  1227 | D        | Reached skill level 20 in Axes
  1227 | D        | Reached XP level 11. HP: 111/111 MP: 10/10
  1229 | D        | Killed a death yak
  1230 | D        | Reached skill level 15 in Fighting
  1233 | D        | Killed a death yak
  1234 | D        | Reached skill level 15 in Armour
  1236 | D        | Killed a catoblepas
  1236 | D        | Received a gift from Trog
  1241 | D        | Killed a catoblepas
  1242 | D        | Reached skill level 21 in Axes
  1823 | D        | Noticed Josephine
  1832 | D        | Received a gift from Trog
  1835 | D        | Killed Josephine
  2007 | D        | Received a gift from Trog
  2028 | D        | Received a gift from Trog
  2202 | D        | Noticed an orc knight
  2214 | D        | Noticed an orc knight
  2219 | D        | Killed an orc knight
  2220 | D        | Reached skill level 22 in Axes
  2221 | D        | Received a gift from Trog
  2224 | D        | Killed an orc knight
  2228 | D        | Reached skill level 15 in Dodging
  2397 | D        | Found Vonwaot's Armour Emporium.
  2397 | D        | Noticed an orc knight
  2397 | D        | Noticed an orc knight
  2397 | D        | Noticed an orc knight
  2401 | D        | Killed an orc knight
  2402 | D        | Noticed an orc knight
  2404 | D        | Noticed an orc knight
  2406 | D        | Killed an orc knight
  2406 | D        | Received a gift from Trog
  2410 | D        | Killed an orc knight
  2419 | D        | Killed an orc knight
  2420 | D        | Reached XP level 12. HP: 124/124 MP: 11/11
  2420 | D        | Found Kism's Armour Shoppe.
  2428 | D        | Found Mucamine's Book Emporium.
  2430 | D        | Received a gift from Trog
  2434 | D        | Found Moodaomm's Jewellery Shoppe.
  2436 | D        | Reached skill level 23 in Axes
  2683 | D        | Bought the ring of Uxtem {rElec rCorr AC+4 Stlth+} for 759
                  | gold pieces
  2688 | D        | Bought a ring of poison resistance for 260 gold pieces
  2710 | D        | Bought a +2 plate armour of willpower for 560 gold pieces
  2751 | D        | Noticed Joseph
  2765 | D        | Killed Joseph
  2859 | D        | Found the +10 zealot's sword {holy, *Rage rN+ EV+3}
  3002 | D        | Noticed a boulder beetle
  3002 | D        | Noticed a centaur warrior
  3010 | D        | Noticed a centaur warrior
  3014 | D        | Received a gift from Trog
  3019 | D        | Killed a centaur warrior
  3021 | D        | Noticed a rakshasa
  3025 | D        | Noticed a stone giant
  3032 | D        | Noticed a tengu warrior
  3032 | D        | Noticed a spark wasp
  3033 | D        | Killed a centaur warrior
  3036 | D        | Received a gift from Trog
  3037 | D        | Noticed a spark wasp
  3037 | D        | Noticed an ettin
  3041 | D        | Noticed a deep troll shaman
  3044 | D        | Killed a rakshasa
  3045 | D        | Reached skill level 24 in Axes
  3054 | D        | Hit by a large rock thrown by a stone giant

Illustrated notes

Levels and vault maps discovered:
D:        linesprint [early_d, line_temple, items_1, d_10, items_2, lair_1,
          lair_end, items_3, orc_1, orc_end, items_4, d_15, swamp_1, shoals_1,
          snake_1, spider_1, d_20, vaults_1, items_5, swamp_end, shoals_end,
          snake_end, spider_end, vaults_end, d_27, items_6, zot_1, zot_end,
          crypt_end, forest_end, elf_end, slime_end, tomb_end, abyss_end,
          pan_hell_end]

Skill      XL: |  1  2  3  4  5  6  7  8  9 10 11 12 |
---------------+-------------------------------------+-----
Axes           | 7 8 10 12 14 15 17 20 22 24 | 24.0
Fighting       | 5 6 7 9 10 11 13 14 16 17 | 17.9
Armour         | 5 6 7 8 10 11 12 14 16 17 | 17.7
Dodging        | 4 5 6 7 9 10 11 13 15 16 | 16.3

Action                   |  1- 3 |  4- 6 |  7- 9 | 10-12 || total
-------------------------+-------+-------+-------+-------++-------
Melee: Hand axe          |    15 |     7 |       |       ||    22
       Headbutt          |     3 |     2 |     8 |    36 ||    49
       Broad axe         |       |     8 |    47 |    13 ||    68
       Battleaxe         |       |       |       |    19 ||    19
       Executioner's axe |       |       |       |   144 ||   144
Invok: Berserk           |     1 |     1 |     2 |     6 ||    10
       Brothers in Arms  |       |       |       |     4 ||     4
Armor: Animal skin       |     1 |       |       |       ||     1
       Chain mail        |       |     2 |    12 |    32 ||    46
       Plate armour      |       |       |       |    18 ||    18
Dodge: Dodged            |     5 |     7 |    22 |    50 ||    84
